 Dungeon Crawl Stone Soup version 0.24.0-13-gcf9b319 (webtiles) character file.

Game seed: 8485245568212859121, levelgen mode: deterministic

4173 TheSamuraiBrotha the Spear-Bearer (level 10, 0/81 HPs)
             Began as a Gnoll Berserker on Apr 30, 2020.
             Was a High Priest of Trog.
             Slain by a centaur (3 damage)
             ... on level 9 of the Dungeon.
             The game lasted 00:35:29 (7021 turns).

TheSamuraiBrotha the Spear-Bearer (Gnoll Berserker) Turns: 7021, Time: 00:35:32

Health: 0/81       AC: 18    Str: 27    XL:     10   Next: 28%
Magic:  17/17      EV: 11    Int:  9    God:    Trog [*****.]
Gold:   311        SH:  0    Dex: 14    Spells: 19/19 levels left

rFire    . . .     SeeInvis +   m - +2 spear (chaos)
rCold    . . .     Gourm    .   (no shield)
rNeg     . . .     Faith    .   j - +0 plate armour
rPois    .         Spirit   .   B - +0 helmet {SInv}
rElec    .         Reflect  .   d - +0 cloak
rCorr    .         Harm     .   x - +0 pair of gloves
MR       .....                  w - +0 pair of boots
Stlth    ..........             (no amulet)
HPRegen  0.23/turn              E - +3 ring of strength
MPRegen  0.15/turn              (no ring)

@: starving
A: distributed training, fangs 1, strong nose
a: Berserk, Trog's Hand, Brothers in Arms, Renounce Religion


You were on level 9 of the Dungeon.
You worshipped Trog.
Trog was extremely pleased with you.
You were starving.

You visited 1 branch of the dungeon, and saw 9 of its levels.
You also visited: Sewer.

You collected 311 gold pieces.

Inventory:

Hand Weapons
 i - a +2 dagger of venom
 m - a +2 spear of chaos (weapon)
Armour
 d - a +0 cloak (worn)
 j - a +0 plate armour (worn)
 w - a +0 pair of boots (worn)
 x - a +0 pair of gloves (worn)
 B - a +0 helmet of see invisible (worn)
Jewellery
 E - a +3 ring of strength (left hand)
Wands
 r - a wand of random effects (23)
Scrolls
 b - 3 scrolls of amnesia {unknown}
 e - 9 scrolls of identify {unknown}
 g - 2 scrolls of fog {unknown}
 n - 2 scrolls of enchant armour {unknown}
 o - 3 scrolls of teleportation {unknown}
 u - a scroll of magic mapping {unknown}
 v - 3 scrolls of remove curse {unknown}
 y - 2 scrolls of random uselessness {unknown}
 z - 2 scrolls of enchant weapon {unknown}
 D - a scroll of fear {unknown}
Potions
 a - a potion of agility {unknown}
 f - 7 potions of curing {unknown}
 h - 6 potions of degeneration {unknown}
 k - a potion of flight {unknown}
 l - 2 potions of resistance {unknown}
 p - 2 potions of might {unknown}
 q - 2 potions of brilliance {unknown}
 s - 2 potions of cancellation {unknown}
 t - 2 potions of heal wounds {unknown}
 A - 2 potions of lignification {unknown}
 C - 3 potions of mutation {unknown}
Comestibles
 c - 18 rations


   Skills:
 + Level 8.3 Fighting
 + Level 5.0 Short Blades
 + Level 5.0 Long Blades
 + Level 5.0 Axes
 + Level 5.0 Maces & Flails
 + Level 8.3 Polearms
 + Level 5.0 Staves
 + Level 5.0 Slings
 + Level 5.0 Bows
 + Level 5.0 Crossbows
 + Level 5.0 Throwing
 + Level 6.9 Armour
 + Level 6.9 Dodging
 + Level 5.0 Stealth
 + Level 5.0 Shields
 + Level 5.0 Unarmed Combat
 + Level 5.0 Spellcasting
 + Level 4.1 Conjurations
 + Level 4.1 Hexes
 + Level 4.1 Charms
 + Level 4.1 Summonings
 + Level 4.1 Necromancy
 + Level 4.1 Translocations
 + Level 4.1 Transmutations
 + Level 4.1 Fire Magic
 + Level 4.1 Ice Magic
 + Level 4.1 Air Magic
 + Level 4.1 Earth Magic
 + Level 4.1 Poison Magic
 + Level 5.5 Invocations
 + Level 5.0 Evocations


You had 19 spell levels left.
You didn't know any spells.
Your spell library was empty.

Dungeon Overview and Level Annotations

Branches:
Dungeon (9/15)             Temple (0/1) D:7           Sewer (visited)
   Lair: D:8-11         Orc: D:9-12

Altars:
Ashenzari
Cheibriados
Dithmenos
Fedhas
Gozag
Makhleb
Nemelex Xobeh
Okawaru
Ru
Xom
Yredelemnul
The Shining One

Shops:
D:7 =


Innate Abilities, Weirdness & Mutations

Your experience applies equally to all skills.
You have very sharp teeth.
Your uncanny sense of smell can sniff out nearby items.


Message History

You kill the orc wizard!
Trog accepts your kill.
Trog appreciates your killing of a magic user.
The centaur shoots an arrow.
The arrow closely misses you.
The arrow hits the ice beast!
The centaur unwields a +0 shortbow.
The centaur hits you but does no damage.
The orc priest closely misses you.
The orc wizard hits you but does no damage.
The centaur hits you.
* * * LOW HITPOINT WARNING * * *
Items here: ( ) [ † a +0 dagger; a +0 robe; an arrow; an orc corpse You puncture the orc wizard!
The orc wizard is heavily wounded.
The orc priest hits you but does no damage.
The ice beast barely misses you.
The orc wizard hits you but does no damage.
The centaur hits you.
You die...

#. # .?## #.
.###.#.#..#
##.#..#!#...
###........... ##
#..........(..
#.. #(#.##.(.....
#(.###(Y#o.(.....
#.....##@co.(....
#......##o...(...
#......(#).......
#......(.(.......
#......((......).
#................
#............[...
#................
#...o............


You could see an ice beast, a centaur, 2 orc priests and an orc wizard
(invisible).

Vanquished Creatures
  Pikel (D:5)
  Sigmund (D:2)
  4 hogs (D:7)
  A human (D:7)
  Edmund (D:4)
  An orc warrior (D:7)
  2 ice beasts
  A black bear (D:6)
  2 phantoms
  A necrophage (D:8)
  2 ogres
  2 centaurs
  7 big kobolds (Sewer)
  5 bullfrogs
  Blork the orc (D:4)
  A scorpion (D:4)
  A centaur zombie (D:6)
  3 crimson imps
  A bullfrog zombie (D:6)
  3 hounds
  2 orc priests (D:3)
  4 orc wizards
  A centaur skeleton (D:7)
  An iguana (D:7)
  2 worker ants
  2 hound skeletons
  11 adders
  4 gnolls (D:2)
  2 river rats (Sewer)
  A shadow imp (D:7)
  6 oozes
  An adder zombie (D:5)
  7 worms
  6 dart slugs
  5 leopard geckos
  25 orcs
  6 bats
  7 giant cockroaches
  7 goblins
  7 hobgoblins
  8 jackals
  6 quokkas
  7 ball pythons
  4 frilled lizards
  A jackal skeleton (D:4)
  11 kobolds
  A leopard gecko skeleton (D:4)
  A quokka skeleton (D:6)
  8 rats
  A plant (D:6)
196 creatures vanquished.

Vanquished Creatures (collateral kills)
  An ogre (D:7)
  A rat (D:2)
2 creatures vanquished.

Grand Total: 198 creatures vanquished

Notes
Turn   | Place    | Note
-------+----------+-------------------------------------------
     0 | D:1      | TheSamuraiBrotha the Gnoll Berserker began the quest for
                  | the Orb.
     0 | D:1      | Reached XP level 1. HP: 23/23 MP: 1/1
   243 | D:1      | Reached XP level 2. HP: 21/29 MP: 2/2
   656 | D:1      | Reached ** piety under Trog
   656 | D:1      | Reached XP level 3. HP: 27/35 MP: 3/3
  1020 | D:2      | Reached skill level 1 in Invocations
  1203 | D:2      | Reached skill level 1 in Short Blades
  1203 | D:2      | Reached skill level 1 in Long Blades
  1203 | D:2      | Reached skill level 1 in Axes
  1203 | D:2      | Reached skill level 1 in Maces & Flails
  1203 | D:2      | Reached skill level 1 in Staves
  1203 | D:2      | Reached skill level 1 in Slings
  1203 | D:2      | Reached skill level 1 in Bows
  1203 | D:2      | Reached skill level 1 in Crossbows
  1203 | D:2      | Reached skill level 1 in Throwing
  1203 | D:2      | Reached skill level 1 in Stealth
  1203 | D:2      | Reached skill level 1 in Shields
  1203 | D:2      | Reached skill level 1 in Unarmed Combat
  1203 | D:2      | Reached skill level 1 in Spellcasting
  1203 | D:2      | Reached skill level 1 in Evocations
  1208 | D:2      | Found a shimmering altar of Xom.
  1218 | D:2      | Reached XP level 4. HP: 39/41 MP: 5/5
  1226 | D:2      | Noticed Sigmund
  1248 | D:2      | Killed Sigmund
  1248 | D:2      | Reached skill level 1 in Conjurations
  1248 | D:2      | Reached skill level 1 in Hexes
  1248 | D:2      | Reached skill level 1 in Charms
  1248 | D:2      | Reached skill level 1 in Summonings
  1248 | D:2      | Reached skill level 1 in Necromancy
  1248 | D:2      | Reached skill level 1 in Translocations
  1248 | D:2      | Reached skill level 1 in Transmutations
  1248 | D:2      | Reached skill level 1 in Fire Magic
  1248 | D:2      | Reached skill level 1 in Ice Magic
  1248 | D:2      | Reached skill level 1 in Air Magic
  1248 | D:2      | Reached skill level 1 in Earth Magic
  1248 | D:2      | Reached skill level 1 in Poison Magic
  1248 | D:2      | Reached XP level 5. HP: 32/47 MP: 5/7
  1306 | D:2      | Reached XP level 6. HP: 43/53 MP: 8/8
  1715 | D:3      | Noticed an ice beast
  1841 | D:3      | Found a glowing drain.
  1866 | D:3      | Reached *** piety under Trog
  1875 | Sewer    | Entered a sewer
  1924 | Sewer    | Reached skill level 5 in Armour
  1924 | Sewer    | Reached skill level 5 in Dodging
  2021 | Sewer    | Reached XP level 7. HP: 59/59 MP: 10/10
  2875 | D:3      | Reached XP level 8. HP: 58/67 MP: 12/12
  3365 | D:3      | Reached **** piety under Trog
  3690 | D:3      | You fall into a shaft and drop 3 floors!
  3886 | D:6      | Found a blossoming altar of Fedhas.
  3892 | D:6      | Found a shadowy altar of Dithmenos.
  3892 | D:6      | Found an opulent altar of Gozag.
  4078 | D:6      | Found a glowing golden altar of the Shining One.
  4202 | D:5      | Entered Level 5 of the Dungeon
  4331 | D:4      | Noticed Edmund
  4341 | D:4      | Killed Edmund
  4341 | D:4      | Reached XP level 9. HP: 62/72 MP: 14/14
  4654 | D:4      | Noticed Blork the orc
  4663 | D:4      | Killed Blork the orc
  5023 | D:5      | Noticed Pikel
  5026 | D:5      | Found a sparkling altar of Nemelex Xobeh.
  5044 | D:5      | Killed Pikel
  5167 | D:5      | Found a sacrificial altar of Ru.
  5170 | D:5      | Found a basalt altar of Yredelemnul.
  5171 | D:5      | Found an iron altar of Okawaru.
  5259 | D:5      | Found a snail-covered altar of Cheibriados.
  5352 | D:5      | Found a shattered altar of Ashenzari.
  6141 | D:7      | Found Ifashryw's Jewellery Emporium.
  6192 | D:7      | Found a burning altar of Makhleb.
  6257 | D:7      | Found a staircase to the Ecumenical Temple.
  6368 | D:7      | Reached ***** piety under Trog
  6405 | D:7      | Found a snail-covered altar of Cheibriados.
  6413 | D:7      | Reached skill level 5 in Invocations
  6504 | D:7      | Reached XP level 10. HP: 70/80 MP: 15/17
  6928 | D:8      | Reached skill level 5 in Short Blades
  6928 | D:8      | Reached skill level 5 in Long Blades
  6928 | D:8      | Reached skill level 5 in Axes
  6928 | D:8      | Reached skill level 5 in Maces & Flails
  6928 | D:8      | Reached skill level 5 in Staves
  6928 | D:8      | Reached skill level 5 in Slings
  6928 | D:8      | Reached skill level 5 in Bows
  6928 | D:8      | Reached skill level 5 in Crossbows
  6928 | D:8      | Reached skill level 5 in Throwing
  6928 | D:8      | Reached skill level 5 in Stealth
  6928 | D:8      | Reached skill level 5 in Shields
  6928 | D:8      | Reached skill level 5 in Unarmed Combat
  6928 | D:8      | Reached skill level 5 in Spellcasting
  6928 | D:8      | Reached skill level 5 in Evocations
  7020 | D:9      | HP: 3/81 [centaur (4)]
  7021 | D:9      | Slain by a centaur

Levels and vault maps discovered:
D:1:      saegor_arrival_simple_b, layout_basic, minmay_pentomino_o4
D:2:      layout_basic, tgw_xom, uniq_sigmund
D:3:      layout_loops_ring, gup_sewer_entry_pipe, kennysheep_generic_room_11
D:4:      layout_rooms, uniq_edmund, uniq_blork_the_orc
D:5:      layout_cave_pools, grunt_temple_overflow_open, first_ration,
          hangedman_feature_mirror, minmay_misc_feat_columns,
          kennysheep_slug_shrine, uniq_pikel
D:6:      layout_loops_ring, gammafunk_temple_overflow_forgotten, basic_altar
D:7:      layout_rooms, kennysheep_little_box, kennysheep_mini,
          temple_fountains, serial_shops, nicolae_shop_crystal, grunt_livestock,
          minmay_misc_feat_square, minmay_checkerbox
D:8:      layout_cave_pools, gammafunk_ghost_hive, hangedman_decor_riveting,
          minmay_misc_feat_pillars, chequers_mini_garden, uniq_grum
D:9:      layout_big_octagon, nicolae_overflow_crystal_walls, minmay_shop_chei

Skill      XL: |  1  2  3  4  5  6  7  8  9 10 |
---------------+-------------------------------+-----
Invocations    | 1 2 3 4 5 |  5.5
Short Blades   | 1 2 3 4 5 |  5.0
Long Blades    | 1 2 3 4 5 |  5.0
Axes           | 1 2 3 4 5 |  5.0
Maces & Flails | 1 2 3 4 5 |  5.0
Staves         | 1 2 3 4 5 |  5.0
Slings         | 1 2 3 4 5 |  5.0
Bows           | 1 2 3 4 5 |  5.0
Crossbows      | 1 2 3 4 5 |  5.0
Throwing       | 1 2 3 4 5 |  5.0
Stealth        | 1 2 3 4 5 |  5.0
Shields        | 1 2 3 4 5 |  5.0
Unarmed Combat | 1 2 3 4 5 |  5.0
Spellcasting   | 1 2 3 4 5 |  5.0
Evocations     | 1 2 3 4 5 |  5.0
Conjurations   | 1 2 3 4 |  4.1
Hexes          | 1 2 3 4 |  4.1
Charms         | 1 2 3 4 |  4.1
Summonings     | 1 2 3 4 |  4.1
Necromancy     | 1 2 3 4 |  4.1
Translocations | 1 2 3 4 |  4.1
Transmutations | 1 2 3 4 |  4.1
Fire Magic     | 1 2 3 4 |  4.1
Ice Magic      | 1 2 3 4 |  4.1
Air Magic      | 1 2 3 4 |  4.1
Earth Magic    | 1 2 3 4 |  4.1
Poison Magic   | 1 2 3 4 |  4.1
Armour         | 5 6 |  6.9
Dodging        | 5 6 |  6.9
Fighting       | 7 8 |  8.3
Polearms       | 7 8 |  8.3

Action                   |  1- 3 |  4- 6 |  7- 9 | 10-12 || total
-------------------------+-------+-------+-------+-------++-------
Melee: Spear             |    66 |   105 |   512 |    76 ||   759
       Bite              |    15 |    14 |    65 |    12 ||   106
       Dagger            |    23 |    21 |       |       ||    44
       Punch             |       |       |     7 |     5 ||    12
Evoke: Box of beasts     |       |       |       |     1 ||     1
 Stab: Paralysed         |       |       |     4 |       ||     4
       Confused          |       |       |     3 |       ||     3
       Petrifying        |       |       |     3 |       ||     3
       Petrified         |       |       |     2 |       ||     2
  Eat: Chunk             |       |     4 |     8 |       ||    12
       Ration            |       |       |     2 |       ||     2
Armor: Skin              |     9 |       |       |       ||     9
       Animal skin       |     2 |       |       |       ||     2
       Plate armour      |    20 |    75 |   318 |    63 ||   476
Dodge: Dodged            |    71 |    53 |   245 |    54 ||   423
